San Jose Sharks vs Boston Bruins

Created - mardi 26 février 2019 at 19:00

Goals
1 2 3 OT1 SO T
San Jose Sharks 0 1 1 0 3 2
Boston Bruins 0 2 0 0 4 3
Shots
1 2 3 OT1 SO T
San Jose Sharks 6 12 9 0 6 27
Boston Bruins 2 12 6 0 6 20

1st period

No Goal

Penalties :
No Penalty

2nd period

1. Boston Bruins , Niklas Hjalmarsson 3 (Joe Pavelski 24, Charlie McAvoy 18) at 4:23 (PP)
2. Boston Bruins , Ryan O'Reilly 14 (Niklas Hjalmarsson 8) at 14:08
3. San Jose Sharks , Andre Burakovsky 8 (Karl Alzner 8, Christian Dvorak 14) at 18:44

Penalties :
Karl Alzner (SJS) for High sticking (Minor) at 0:21, Tommy Wingels (SJS) for Interference (Minor) at 4:09, Karl Alzner (SJS) for Hooking (Minor) at 8:01, Timo Meier (SJS) for Tripping (Minor) at 14:36

3rd period

4. San Jose Sharks , Anthony Cirelli 9 (Kevin Labanc 19) at 16:01 (PP)

Penalties :
Brad Marchand (BOS) for High sticking (Minor) at 15:42, Jonathan Marchessault (BOS) for Interference (Minor) at 17:27

Overtime #1

No Goal

Penalties :
No Penalty

Shootout

San Jose Sharks, Logan Couture - Stopped by Aaron Dell
Boston Bruins, Brad Marchand - Stopped by Cam Talbot
San Jose Sharks, Clayton Keller - Stopped by Aaron Dell
Boston Bruins, Tyler Seguin - Shot Misses the Net
San Jose Sharks, Timo Meier - Goal!
Boston Bruins, Ryan O'Reilly - Goal!
San Jose Sharks, Kevin Labanc - Goal!
Boston Bruins, Joe Pavelski - Goal!
San Jose Sharks, Christian Dvorak - Goal!
Boston Bruins, David Pastrnak - Goal!
San Jose Sharks, Marian Gaborik - Stopped by Aaron Dell
Boston Bruins, Ryan Donato - Goal!

Penalties :
No Penalty

Goalie Stats

Cam Talbot (SJS), 18 saves from 20 shots - (0.900), OTL, 25-22-17, 65:00 minutes
Aaron Dell (BOS), 25 saves from 27 shots - (0.926), W, 7-11-2, 65:00 minutes

Players Stats for San Jose Sharks

Player Name              G  A  P  +/- PIM S  H  SB GA TA FO     MP     PP MP  PK MP  
------------------------------------------------------------------------------------
Andre Burakovsky         1  0  1   1  0   2  1  0  0  0  1/2    16:18   0:06   0:53 
Anthony Cirelli          1  0  1  -1  0   1  2  1  0  0  3/4    14:13   1:09   2:47 
Brent Burns              0  0  0   0  0   2  1  2  4  0  0/0    25:24   1:05   3:06 
Christian Dvorak         0  1  1   1  0   3  2  0  2  0  3/6    16:34   1:03   0:00 
Clayton Keller           0  0  0   0  0   1  1  0  2  0  2/2    19:29   1:03   2:31 
Drew Stafford            0  0  0  -1  0   1  2  0  0  1  0/0    10:06   0:06   0:00 
Jimmy Hayes              0  0  0   0  0   0  4  0  0  1  0/1    15:31   0:00   0:00 
Joakim Ryan              0  0  0   0  0   0  0  1  1  1  0/0    20:54   1:13   2:43 
Karl Alzner              0  1  1   0  4   4  1  1  0  0  0/0    20:21   1:05   0:45 
Kevin Labanc             0  1  1   0  0   5  1  1  2  0  1/1    14:55   1:09   0:00 
Logan Couture            0  0  0   0  0   3  2  2  0  0  9/14   20:47   1:03   3:19 
Marian Gaborik           0  0  0   0  0   1  2  0  0  1  5/14   14:40   0:00   0:00 
Mike Reilly              0  0  0   0  0   0  0  3  0  1  0/0    24:02   1:13   3:52 
Roman Polak              0  0  0   0  0   1  4  0  0  0  0/0    17:38   0:00   1:40 
Timo Meier               0  0  0   0  2   0  2  0  1  0  3/3    18:16   1:09   1:59 
Tommy Wingels            0  0  0  -1  2   0  1  0  0  0  1/1    10:57   0:06   0:53 
Travis Dermott           0  0  0   0  0   1  3  0  0  1  0/0    15:04   0:00   0:16 
Tyler Ennis              0  0  0   1  0   2  1  1  0  0  0/0    13:36   0:00   0:00 

Players Stats for Boston Bruins

Player Name              G  A  P  +/- PIM S  H  SB GA TA FO     MP     PP MP  PK MP  
------------------------------------------------------------------------------------
Adam McQuaid             0  0  0   0  0   0  1  1  0  0  0/0    13:42   0:13   0:00 
Antoine Roussel          0  0  0   0  0   1  1  0  0  0  1/4    14:41   0:00   0:13 
Brad Marchand            0  0  0   0  2   1  1  2  0  1  0/0    20:15   0:00   0:00 
Brandon Carlo            0  0  0   0  0   0  0  0  0  0  0/0    17:28   3:14   0:54 
Charlie McAvoy           0  1  1   0  0   1  2  0  0  2  0/0    13:18   2:57   1:24 
David Pastrnak           0  0  0   0  0   1  1  0  2  0  0/0    20:18   3:01   0:00 
Derek MacKenzie          0  0  0   0  0   2  2  0  0  0  5/9    13:21   2:59   1:19 
Joe Pavelski             0  1  1   0  0   1  2  0  0  2  0/0    20:59   3:10   0:16 
Jonathan Marchessault    0  0  0   0  2   2  4  0  1  0  0/0    19:39   3:10   0:00 
Kevan Miller             0  0  0  -1  0   0  4  1  0  1  0/0    17:12   0:00   0:00 
Niklas Hjalmarsson       1  1  2   1  0   3  1  0  1  3  0/0    22:57   3:30   1:24 
Ryan Donato              0  0  0   0  0   3  2  0  0  0  0/0    13:04   0:00   0:00 
Ryan O'Reilly            1  0  1   0  0   1  2  0  0  1  6/13   21:33   3:10   0:43 
Ryan Spooner             0  0  0   0  0   2  2  0  1  1  0/0    13:58   0:02   0:00 
Tim Schaller             0  0  0   0  0   0  1  0  0  0  0/0     8:53   0:00   0:43 
Torey Krug               0  0  0  -1  0   0  0  2  0  1  0/0    22:18   2:28   0:54 
Tyler Seguin             0  0  0   0  0   2  1  0  1  0  8/22   22:15   3:01   1:22 
Will Butcher             0  0  0   1  0   0  2  1  0  0  0/0    16:49   0:00   0:00 

3 Stars

1 - Niklas Hjalmarsson (BOS)
2 - Ryan O'Reilly (BOS)
3 - Andre Burakovsky (SJS)

Power Play

San Jose Sharks - 1 on 2 Attempt(s) - 50.00%
Boston Bruins - 1 on 4 Attempt(s) - 25.00%

Penalty Kill

San Jose Sharks - 3 on 4 Attempt(s) - 75.00% - Score 0 goal in Penalty Kill
Boston Bruins - 1 on 2 Attempt(s) - 50.00% - Score 0 goal in Penalty Kill

Team Stat

San Jose Sharks - Hits : 30 - Faceoff Wins : 28 - Blocked Shots : 12 - Penalty Minutes : 8
Boston Bruins - Hits : 29 - Faceoff Wins : 20 - Blocked Shots : 7 - Penalty Minutes : 4

Official

Referees : Kendrick Nicholson and Jake Brenk
Linesman : Brad Kovachik and Trent Knorr

Game Notes

No Game Note

Finance

Level 1 -- Attendance: 10000 (100.00%) -- Ticket Income fr. 800'000
Level 2 -- Attendance: 1635 (81.75%) -- Ticket Income fr. 114'450
Level 3 -- Attendance: 3500 (100.00%) -- Ticket Income fr. 119'000
Level 4 -- Attendance: 1047 (72.21%) -- Ticket Income fr. 24'081
Luxury Box -- Attendance: 36 (72.00%) -- Ticket Income fr. 8'028
Game was played at the TD Garden.
Total Attendance: 16218 (95.40%)
Total Ticket Income: fr. 1'065'559
Total Income: fr. 1'065'559

San Jose Sharks

5 vs 5 Forward 
   Center                   Left Wing                Right Wing               Time % Phy DF OF 
 1 Logan Couture            Clayton Keller           Jimmy Hayes              30     1   2  2  
 2 Marian Gaborik           Timo Meier               Kevin Labanc             30     1   2  2  
 3 Christian Dvorak         Andre Burakovsky         Tyler Ennis              25     1   2  2  
 4 Anthony Cirelli          Drew Stafford            Tommy Wingels            15     1   2  2  

5 vs 5 Defense 
   Defense                  Defense                                           Time % Phy DF OF 
 1 Brent Burns              Karl Alzner                                       30     1   2  2  
 2 Roman Polak              Travis Dermott                                    30     1   2  2  
 3 Joakim Ryan              Mike Reilly                                       25     1   2  2  
 4 Brent Burns              Karl Alzner                                       15     1   2  2  

PowerPlay Forward 
   Center                   Left Wing                Right Wing               Time % Phy DF OF 
 1 Logan Couture            Clayton Keller           Christian Dvorak         50     1   2  2  
 2 Anthony Cirelli          Timo Meier               Kevin Labanc             50     1   2  2  

PowerPlay Defense
   Defense                  Defense                                           Time % Phy DF OF 
 1 Brent Burns              Karl Alzner                                       50     1   2  2  
 2 Joakim Ryan              Mike Reilly                                       50     1   2  2  

Penalty Kill 4 Players Forward 
   Center                   Wing                     Time % Phy DF OF 
 1 Logan Couture            Clayton Keller           50     1   2  2  
 2 Timo Meier               Anthony Cirelli          50     1   2  2  

Penalty Kill 4 Players Defense
   Defense                  Defense                  Time % Phy DF OF 
 1 Brent Burns              Karl Alzner              50     1   2  2  
 2 Mike Reilly              Joakim Ryan              50     1   2  2  

Penalty Kill - 3 Players Forward 
   Forward                                           Time % Phy DF OF 
 1 Logan Couture                                     50     1   2  2  
 2 Clayton Keller                                    50     1   2  2  

Penalty Kill - 3 Players Defense
   Defense                  Defense                  Time % Phy DF OF 
 1 Brent Burns              Karl Alzner              50     1   2  2  
 2 Joakim Ryan              Mike Reilly              50     1   2  2  

4 vs 4 Forward 
   Center                   Wing                     Time % Phy DF OF 
 1 Logan Couture            Clayton Keller           50     1   2  2  
 2 Christian Dvorak         Timo Meier               50     1   2  2  

4 vs 4 Defense
   Defense                  Defense                  Time % Phy DF OF 
 1 Brent Burns              Karl Alzner              50     1   2  2  
 2 Mike Reilly              Joakim Ryan              50     1   2  2  

Last Minutes Offensive
   Center                   Left Wing                Right Wing               Defense                  Defense                  
   Logan Couture            Clayton Keller           Jimmy Hayes              Brent Burns              Karl Alzner              

Last Minutes Defensive
   Center                   Left Wing                Right Wing               Defense                  Defense                  
   Logan Couture            Clayton Keller           Jimmy Hayes              Brent Burns              Karl Alzner              

Goaltenders
Starting : Cam Talbot               
Backup : Reto Berra               

Extra Forwards
Normal : Christian Dvorak, Timo Meier, Anthony Cirelli - PP : Christian Dvorak, Timo Meier - PK : Anthony Cirelli
Extra Defensemen
Normal : Joakim Ryan, Mike Reilly, Brent Burns - PP : Joakim Ryan - PK : Mike Reilly, Brent Burns
Penalty Shots
Logan Couture, Clayton Keller, Timo Meier, Kevin Labanc, Christian Dvorak
Custom OT Lines Forwards
Logan Couture, Clayton Keller, Jimmy Hayes, Marian Gaborik, Christian Dvorak, Timo Meier, Kevin Labanc, Andre Burakovsky, Anthony Cirelli, Tyler Ennis
Custom OT Lines Defensemen
Brent Burns, Mike Reilly, Roman Polak, Travis Dermott, Joakim Ryan

Scratches
Sven Baertschi (Left Leg Injury), Marcus Sorensen (Healthy)

Boston Bruins

5 vs 5 Forward 
   Center                   Left Wing                Right Wing               Time % Phy DF OF 
 1 Tyler Seguin             Brad Marchand            David Pastrnak           33     0   2  3  
 2 Ryan O'Reilly            Jonathan Marchessault    Joe Pavelski             31     0   2  3  
 3 Antoine Roussel          Ryan Donato              Ryan Spooner             23     1   2  2  
 4 Derek MacKenzie          Brad Marchand            Tim Schaller             13     1   3  1  

5 vs 5 Defense 
   Defense                  Defense                                           Time % Phy DF OF 
 1 Torey Krug               Kevan Miller                                      38     1   2  2  
 2 Niklas Hjalmarsson       Will Butcher                                      37     1   2  2  
 3 Adam McQuaid             Brandon Carlo                                     25     1   2  2  
 4 Charlie McAvoy           Torey Krug                                        0      1   2  2  

PowerPlay Forward 
   Center                   Left Wing                Right Wing               Time % Phy DF OF 
 1 Tyler Seguin             Derek MacKenzie          David Pastrnak           50     1   1  3  
 2 Ryan O'Reilly            Jonathan Marchessault    Joe Pavelski             50     1   1  3  

PowerPlay Defense
   Defense                  Defense                                           Time % Phy DF OF 
 1 Niklas Hjalmarsson       Charlie McAvoy                                    60     1   1  3  
 2 Torey Krug               Brandon Carlo                                     40     1   1  3  

Penalty Kill 4 Players Forward 
   Center                   Wing                     Time % Phy DF OF 
 1 Derek MacKenzie          Tyler Seguin             55     1   3  1  
 2 Ryan O'Reilly            Tim Schaller             45     1   3  1  

Penalty Kill 4 Players Defense
   Defense                  Defense                  Time % Phy DF OF 
 1 Charlie McAvoy           Niklas Hjalmarsson       50     1   3  1  
 2 Torey Krug               Brandon Carlo            50     1   3  1  

Penalty Kill - 3 Players Forward 
   Forward                                           Time % Phy DF OF 
 1 Derek MacKenzie                                   50     1   4  0  
 2 Tyler Seguin                                      50     1   4  0  

Penalty Kill - 3 Players Defense
   Defense                  Defense                  Time % Phy DF OF 
 1 Niklas Hjalmarsson       Brandon Carlo            50     1   2  2  
 2 Charlie McAvoy           Torey Krug               50     1   2  2  

4 vs 4 Forward 
   Center                   Wing                     Time % Phy DF OF 
 1 Tyler Seguin             Ryan O'Reilly            50     1   1  3  
 2 Joe Pavelski             David Pastrnak           50     1   1  3  

4 vs 4 Defense
   Defense                  Defense                  Time % Phy DF OF 
 1 Torey Krug               Niklas Hjalmarsson       50     1   2  2  
 2 Brandon Carlo            Charlie McAvoy           50     1   2  2  

Last Minutes Offensive
   Center                   Left Wing                Right Wing               Defense                  Defense                  
   Tyler Seguin             Brad Marchand            David Pastrnak           Charlie McAvoy           Niklas Hjalmarsson       

Last Minutes Defensive
   Center                   Left Wing                Right Wing               Defense                  Defense                  
   Ryan O'Reilly            Derek MacKenzie          Antoine Roussel          Kevan Miller             Niklas Hjalmarsson       

Goaltenders
Starting : Aaron Dell               
Backup : Tuukka Rask              

Extra Forwards
Normal : David Pastrnak, Ryan Spooner, Tyler Seguin - PP : Ryan O'Reilly, Ryan Spooner - PK : Tyler Seguin
Extra Defensemen
Normal : Niklas Hjalmarsson, Brandon Carlo, Charlie McAvoy - PP : Brandon Carlo - PK : Brandon Carlo, Niklas Hjalmarsson
Penalty Shots
Brad Marchand, Tyler Seguin, Ryan O'Reilly, Joe Pavelski, David Pastrnak
Custom OT Lines Forwards
Brad Marchand, Tyler Seguin, Ryan O'Reilly, Joe Pavelski, David Pastrnak, Jonathan Marchessault, Antoine Roussel, Ryan Spooner, Tim Schaller, Derek MacKenzie
Custom OT Lines Defensemen
Charlie McAvoy, Niklas Hjalmarsson, Brandon Carlo, Adam McQuaid, Torey Krug

Scratches
Noel Acciari (Healthy), Riley Nash (Broken Ribs Injury), Austin Czarnik (Healthy)

% Time on Ice - San Jose Sharks

Lines # - Real PCT - Wanted PCT - Time Play
Normal Forward
1 - 28% - 30% - 14:35
2 - 28% - 30% - 14:24
3 - 26% - 25% - 13:29
4 - 18% - 15% - 9:03
Normal Defense
1 - 28% - 30% - 14:36
2 - 32% - 30% - 16:31
3 - 28% - 25% - 14:25
4 - 12% - 15% - 5:59
PP Forward
1 - 46% - 50% - 1:03
2 - 54% - 50% - 1:15
PP Defense
1 - 47% - 50% - 1:05
2 - 53% - 50% - 1:13
PK Forward
1 - 41% - 50% - 2:31
2 - 59% - 50% - 3:40
PK Defense
1 - 58% - 50% - 3:34
2 - 42% - 50% - 2:37
PK3 Forward
1 - 0% - 50%
2 - 0% - 50%
PK3 Defense
1 - 0% - 50%
2 - 0% - 50%
44 Forward
1 - 0% - 50%
2 - 0% - 50%
44 Defense
1 - 0% - 50%
2 - 0% - 50%
Last Minute Offensive  - 0:00
Last Minute Defensive  - 0:00
Total
Forward - 60:00
Defense - 60:00

% Time on Ice - Boston Bruins

Lines # - Real PCT - Wanted PCT - Time Play
Normal Forward
1 - 30% - 33% - 15:29
2 - 32% - 31% - 16:20
3 - 25% - 23% - 12:49
4 - 13% - 13% - 6:53
Normal Defense
1 - 35% - 38% - 18:09
2 - 35% - 37% - 17:56
3 - 21% - 25% - 10:38
4 - 9% - 0% - 4:48
PP Forward
1 - 49% - 50% - 3:01
2 - 51% - 50% - 3:10
PP Defense
1 - 60% - 60% - 3:43
2 - 40% - 40% - 2:28
PK Forward
1 - 69% - 55% - 1:35
2 - 31% - 45% - 0:43
PK Defense
1 - 61% - 50% - 1:24
2 - 39% - 50% - 0:54
PK3 Forward
1 - 0% - 50%
2 - 0% - 50%
PK3 Defense
1 - 0% - 50%
2 - 0% - 50%
44 Forward
1 - 0% - 50%
2 - 0% - 50%
44 Defense
1 - 0% - 50%
2 - 0% - 50%
Last Minute Offensive  - 0:00
Last Minute Defensive  - 0:00
Total
Forward - 60:00
Defense - 60:00

Play-by-Play

1st period


0:01 of 1st period - Tyler Seguin wins face-off versus Jimmy Hayes in neutral zone.
0:08 of 1st period - Wrist shot by Tyler Seguin.
0:08 of 1st period - Stopped by Cam Talbot without a rebound.
0:09 of 1st period - Logan Couture wins face-off versus Tyler Seguin in San Jose Sharks zone.
0:38 of 1st period - Snap shot by Clayton Keller.
0:38 of 1st period - Shot Misses the Net.
0:40 of 1st period - Slapshot by Karl Alzner.
0:40 of 1st period - Shot Blocked by Kevan Miller.
0:42 of 1st period - Slapshot by Brent Burns.
0:42 of 1st period - Stopped by Aaron Dell with a rebound.
0:56 of 1st period - Snap shot by Logan Couture.
0:56 of 1st period - Stopped by Aaron Dell without a rebound.
0:57 of 1st period - Ryan O'Reilly wins face-off versus Marian Gaborik in Boston Bruins zone.
1:24 of 1st period - Roman Polak is hit by Antoine Roussel.
1:58 of 1st period - Wrist shot by Joe Pavelski.
1:58 of 1st period - Shot Blocked by Kevin Labanc.
2:12 of 1st period - Mike Reilly is hit by Derek MacKenzie and loses puck.
2:35 of 1st period - Jimmy Hayes is hit by Will Butcher and loses puck.
4:29 of 1st period - Snap shot by Christian Dvorak.
4:29 of 1st period - Stopped by Aaron Dell without a rebound.
4:30 of 1st period - Kevin Labanc wins face-off versus Derek MacKenzie in Boston Bruins zone.
4:37 of 1st period - Niklas Hjalmarsson is hit by Travis Dermott and loses puck.
5:19 of 1st period - Wrist shot by Logan Couture.
5:19 of 1st period - Stopped by Aaron Dell without a rebound.
5:20 of 1st period - Marian Gaborik wins face-off versus Tyler Seguin in Boston Bruins zone.
5:23 of 1st period - Slapshot by Kevin Labanc.
5:23 of 1st period - Stopped by Aaron Dell without a rebound.
5:24 of 1st period - Marian Gaborik wins face-off versus Tyler Seguin in Boston Bruins zone.
5:59 of 1st period - Wrist shot by Tyler Ennis.
5:59 of 1st period - Stopped by Aaron Dell with a rebound.
6:17 of 1st period - Snap shot by Ryan Spooner.
6:17 of 1st period - Stopped by Cam Talbot without a rebound.
6:18 of 1st period - Tyler Seguin wins face-off versus Marian Gaborik in San Jose Sharks zone.
8:14 of 1st period - Clayton Keller is hit by Jonathan Marchessault and loses puck.
9:44 of 1st period - Antoine Roussel is hit by Timo Meier and loses puck.
10:10 of 1st period - Tyler Seguin is hit by Logan Couture and loses puck.
11:22 of 1st period - Brandon Carlo is hit by Tommy Wingels and loses puck.
11:37 of 1st period - Logan Couture is hit by Ryan O'Reilly and loses puck.
12:05 of 1st period - Will Butcher is hit by Roman Polak and loses puck.
12:16 of 1st period - Brent Burns is hit by Charlie McAvoy and loses puck.
12:38 of 1st period - Brent Burns is hit by Joe Pavelski and loses puck.
13:19 of 1st period - Tommy Wingels is hit by Ryan Spooner and loses puck.
13:32 of 1st period - Karl Alzner is hit by Adam McQuaid and loses puck.
13:58 of 1st period - Brandon Carlo is hit by Logan Couture.
14:28 of 1st period - Marian Gaborik is hit by Kevan Miller.
14:38 of 1st period - Brad Marchand is hit by Roman Polak and loses puck.
14:45 of 1st period - Snap shot by Christian Dvorak.
14:45 of 1st period - Shot Blocked by Brad Marchand.
14:57 of 1st period - Kevan Miller is hit by Travis Dermott and loses puck.
15:14 of 1st period - Ryan Donato is hit by Jimmy Hayes and loses puck.
15:21 of 1st period - Wrist shot by Clayton Keller.
15:21 of 1st period - Shot Blocked by Torey Krug.
15:45 of 1st period - Snap shot by Drew Stafford.
15:45 of 1st period - Shot Misses the Net.
15:59 of 1st period - Kevan Miller is hit by Jimmy Hayes.
17:06 of 1st period - Antoine Roussel is hit by Roman Polak and loses puck.
17:17 of 1st period - Joakim Ryan is hit by Jonathan Marchessault and loses puck.
18:15 of 1st period - Roman Polak is hit by Brad Marchand and loses puck.
18:57 of 1st period - Ryan O'Reilly is hit by Timo Meier and loses puck.
19:39 of 1st period - Kevan Miller is hit by Anthony Cirelli and loses puck.
Goals for this period are 0 for San Jose Sharks vs 0 for Boston Bruins.
Shots for this period are 6 for San Jose Sharks vs 2 for Boston Bruins.

2nd period


0:01 of 2nd period - Marian Gaborik wins face-off versus Tyler Seguin in neutral zone.
0:08 of 2nd period - Snap shot by Kevin Labanc.
0:08 of 2nd period - Deflect By Timo Meier.
0:08 of 2nd period - Shot Hit the Post.
0:08 of 2nd period - Puck is out of play.
0:09 of 2nd period - Marian Gaborik wins face-off versus Tyler Seguin in Boston Bruins zone.
0:21 of 2nd period - Minor Penalty to Karl Alzner for High sticking.
0:22 of 2nd period - Logan Couture wins face-off versus Tyler Seguin in San Jose Sharks zone.
0:30 of 2nd period - Wrist shot by Tyler Seguin.
0:30 of 2nd period - Stopped by Cam Talbot without a rebound.
0:31 of 2nd period - Timo Meier wins face-off versus Tyler Seguin in San Jose Sharks zone.
0:54 of 2nd period - Slapshot by David Pastrnak.
0:54 of 2nd period - Shot Blocked by Logan Couture.
0:56 of 2nd period - Wrist shot by Derek MacKenzie.
0:56 of 2nd period - Deflect By Tyler Seguin.
0:56 of 2nd period - Shot Blocked by Brent Burns.
0:56 of 2nd period - Puck is out of play.
0:57 of 2nd period - Timo Meier wins face-off versus Ryan O'Reilly in San Jose Sharks zone.
0:57 of 2nd period - Timo Meier is hit by Jonathan Marchessault.
1:11 of 2nd period - Backhand shot by Timo Meier.
1:11 of 2nd period - Shot Misses the Net.
1:23 of 2nd period - Mike Reilly is hit by Derek MacKenzie and loses puck.
1:28 of 2nd period - Snap shot by David Pastrnak.
1:28 of 2nd period - Stopped by Cam Talbot with a rebound.
1:50 of 2nd period - Brent Burns is hit by Joe Pavelski.
2:21 of 2nd period - Penalty to Karl Alzner is over, Karl Alzner is back on ice.
3:43 of 2nd period - Slapshot by Karl Alzner.
3:43 of 2nd period - Stopped by Aaron Dell with a rebound.
4:09 of 2nd period - Minor Penalty to Tommy Wingels for Interference.
4:10 of 2nd period - Logan Couture wins face-off versus Ryan O'Reilly in San Jose Sharks zone.
4:15 of 2nd period - Snap shot by Ryan O'Reilly.
4:15 of 2nd period - Shot Misses the Net.
4:17 of 2nd period - Slapshot by Charlie McAvoy.
4:17 of 2nd period - Shot Misses the Net.
4:19 of 2nd period - Slapshot by Charlie McAvoy.
4:19 of 2nd period - Deflect By Logan Couture.
4:19 of 2nd period - Stopped by Cam Talbot with a rebound.
4:21 of 2nd period - Wrist shot by Joe Pavelski.
4:21 of 2nd period - Shot Blocked by Mike Reilly.
4:23 of 2nd period - Slapshot by Niklas Hjalmarsson.
4:23 of 2nd period - Goal by Niklas Hjalmarsson - San Jose Sharks : 0 - Boston Bruins : 1.
4:24 of 2nd period - Tyler Seguin wins face-off versus Logan Couture in neutral zone.
4:27 of 2nd period - Tyler Seguin is hit by Clayton Keller and loses puck.
4:50 of 2nd period - Mike Reilly is hit by Ryan O'Reilly.
4:57 of 2nd period - Off-side.
4:58 of 2nd period - Ryan O'Reilly wins face-off versus Andre Burakovsky in neutral zone.
6:15 of 2nd period - Slapshot by Jonathan Marchessault.
6:15 of 2nd period - Stopped by Cam Talbot with a rebound.
7:17 of 2nd period - Snap shot by Anthony Cirelli.
7:17 of 2nd period - Shot Misses the Net.
7:19 of 2nd period - Snap shot by Anthony Cirelli.
7:19 of 2nd period - Shot Misses the Net.
7:21 of 2nd period - Wrist shot by Roman Polak.
7:21 of 2nd period - Shot Blocked by Brad Marchand.
8:01 of 2nd period - Minor Penalty to Karl Alzner for Hooking.
8:02 of 2nd period - Timo Meier wins face-off versus Tyler Seguin in San Jose Sharks zone.
9:54 of 2nd period - Anthony Cirelli is hit by Jonathan Marchessault and loses puck.
10:01 of 2nd period - Penalty to Karl Alzner is over, Karl Alzner is back on ice.
10:11 of 2nd period - Snap shot by Timo Meier.
10:11 of 2nd period - Shot Misses the Net.
10:13 of 2nd period - Snap shot by Karl Alzner.
10:13 of 2nd period - Stopped by Aaron Dell with a rebound.
11:01 of 2nd period - Adam McQuaid is hit by Karl Alzner and loses puck.
11:50 of 2nd period - Charlie McAvoy is hit by Drew Stafford and loses puck.
12:04 of 2nd period - Icing by Joakim Ryan.
12:05 of 2nd period - Derek MacKenzie wins face-off versus Marian Gaborik in San Jose Sharks zone.
12:08 of 2nd period - Wrist shot by Derek MacKenzie.
12:08 of 2nd period - Stopped by Cam Talbot without a rebound.
12:09 of 2nd period - Derek MacKenzie wins face-off versus Marian Gaborik in San Jose Sharks zone.
12:09 of 2nd period - Derek MacKenzie is hit by Brent Burns.
12:11 of 2nd period - Snap shot by Antoine Roussel.
12:11 of 2nd period - Shot Misses the Net.
12:13 of 2nd period - Slapshot by Brandon Carlo.
12:13 of 2nd period - Shot Misses the Net.
12:15 of 2nd period - Snap shot by Antoine Roussel.
12:15 of 2nd period - Stopped by Cam Talbot with a rebound.
12:17 of 2nd period - Snap shot by Derek MacKenzie.
12:17 of 2nd period - Stopped by Cam Talbot without a rebound.
12:18 of 2nd period - Tyler Seguin wins face-off versus Logan Couture in San Jose Sharks zone.
12:49 of 2nd period - Slapshot by Kevin Labanc.
12:49 of 2nd period - Stopped by Aaron Dell without a rebound.
12:50 of 2nd period - Ryan O'Reilly wins face-off versus Marian Gaborik in Boston Bruins zone.
12:59 of 2nd period - Wrist shot by Ryan O'Reilly.
12:59 of 2nd period - Shot Misses the Net.
13:01 of 2nd period - Wrist shot by Ryan O'Reilly.
13:01 of 2nd period - Shot Blocked by Mike Reilly.
13:03 of 2nd period - Snap shot by Torey Krug.
13:03 of 2nd period - Shot Misses the Net.
13:05 of 2nd period - Slapshot by Jonathan Marchessault.
13:05 of 2nd period - Shot Misses the Net.
13:15 of 2nd period - Tyler Seguin is hit by Jimmy Hayes and loses puck.
13:24 of 2nd period - Slapshot by Logan Couture.
13:24 of 2nd period - Shot Misses the Net.
13:26 of 2nd period - Wrist shot by Clayton Keller.
13:26 of 2nd period - Stopped by Aaron Dell with a rebound.
14:01 of 2nd period - Wrist shot by Ryan O'Reilly.
14:01 of 2nd period - Deflect By Joe Pavelski.
14:01 of 2nd period - Stopped by Cam Talbot without a rebound.
14:02 of 2nd period - Anthony Cirelli wins face-off versus Ryan O'Reilly in San Jose Sharks zone.
14:02 of 2nd period - Anthony Cirelli is hit by Niklas Hjalmarsson.
14:08 of 2nd period - Wrist shot by Ryan O'Reilly.
14:08 of 2nd period - Goal by Ryan O'Reilly - San Jose Sharks : 0 - Boston Bruins : 2.
14:09 of 2nd period - Logan Couture wins face-off versus Tyler Seguin in neutral zone.
14:36 of 2nd period - Minor Penalty to Timo Meier for Tripping.
14:37 of 2nd period - Logan Couture wins face-off versus Ryan O'Reilly in San Jose Sharks zone.
14:37 of 2nd period - Logan Couture is hit by Charlie McAvoy.
15:10 of 2nd period - Snap shot by Brandon Carlo.
15:10 of 2nd period - Shot Blocked by Logan Couture.
15:26 of 2nd period - Wrist shot by Andre Burakovsky.
15:26 of 2nd period - Stopped by Aaron Dell without a rebound.
15:27 of 2nd period - Andre Burakovsky wins face-off versus Ryan O'Reilly in Boston Bruins zone.
16:36 of 2nd period - Penalty to Timo Meier is over, Timo Meier is back on ice.
17:02 of 2nd period - Icing by Kevin Labanc.
17:03 of 2nd period - Derek MacKenzie wins face-off versus Marian Gaborik in San Jose Sharks zone.
17:14 of 2nd period - Wrist shot by David Pastrnak.
17:14 of 2nd period - Shot Misses the Net.
17:16 of 2nd period - Slapshot by Niklas Hjalmarsson.
17:16 of 2nd period - Stopped by Cam Talbot without a rebound.
17:17 of 2nd period - Christian Dvorak wins face-off versus Ryan O'Reilly in San Jose Sharks zone.
17:22 of 2nd period - Kevan Miller is hit by Andre Burakovsky.
17:26 of 2nd period - Snap shot by Andre Burakovsky.
17:26 of 2nd period - Deflect By Tyler Ennis.
17:26 of 2nd period - Stopped by Aaron Dell without a rebound.
17:27 of 2nd period - Ryan O'Reilly wins face-off versus Christian Dvorak in Boston Bruins zone.
17:32 of 2nd period - Christian Dvorak is hit by Kevan Miller and loses puck.
17:45 of 2nd period - Joe Pavelski is hit by Tyler Ennis and loses puck.
18:00 of 2nd period - Wrist shot by Jonathan Marchessault.
18:00 of 2nd period - Stopped by Cam Talbot with a rebound.
18:40 of 2nd period - Slapshot by Christian Dvorak.
18:40 of 2nd period - Stopped by Aaron Dell with a rebound.
18:42 of 2nd period - Slapshot by Karl Alzner.
18:42 of 2nd period - Stopped by Aaron Dell with a rebound.
18:44 of 2nd period - Wrist shot by Andre Burakovsky.
18:44 of 2nd period - Goal by Andre Burakovsky - San Jose Sharks : 1 - Boston Bruins : 2.
18:45 of 2nd period - Logan Couture wins face-off versus Tyler Seguin in neutral zone.
19:15 of 2nd period - Snap shot by Roman Polak.
19:15 of 2nd period - Stopped by Aaron Dell without a rebound.
19:16 of 2nd period - Antoine Roussel wins face-off versus Marian Gaborik in Boston Bruins zone.
19:16 of 2nd period - Antoine Roussel is hit by Roman Polak.
19:24 of 2nd period - Slapshot by Kevin Labanc.
19:24 of 2nd period - Stopped by Aaron Dell with a rebound.
19:26 of 2nd period - Slapshot by Marian Gaborik.
19:26 of 2nd period - Stopped by Aaron Dell without a rebound.
19:27 of 2nd period - Tyler Seguin wins face-off versus Logan Couture in Boston Bruins zone.
Goals for this period are 1 for San Jose Sharks vs 2 for Boston Bruins.
Shots for this period are 12 for San Jose Sharks vs 12 for Boston Bruins.

3rd period


0:01 of 3rd period - Tyler Seguin wins face-off versus Logan Couture in neutral zone.
0:12 of 3rd period - Jimmy Hayes is hit by David Pastrnak and loses puck.
0:47 of 3rd period - Roman Polak is hit by Ryan Donato and loses puck.
1:06 of 3rd period - Tim Schaller is hit by Drew Stafford and loses puck.
1:13 of 3rd period - Wrist shot by Anthony Cirelli.
1:13 of 3rd period - Shot Misses the Net.
1:29 of 3rd period - Slapshot by Brent Burns.
1:29 of 3rd period - Stopped by Aaron Dell without a rebound.
1:30 of 3rd period - Clayton Keller wins face-off versus Ryan O'Reilly in Boston Bruins zone.
1:31 of 3rd period - Wrist shot by Logan Couture.
1:31 of 3rd period - Shot Blocked by Will Butcher.
2:04 of 3rd period - Slapshot by Ryan Spooner.
2:04 of 3rd period - Shot Misses the Net.
2:52 of 3rd period - Snap shot by Drew Stafford.
2:52 of 3rd period - Stopped by Aaron Dell without a rebound.
2:53 of 3rd period - Logan Couture wins face-off versus Antoine Roussel in Boston Bruins zone.
2:54 of 3rd period - Snap shot by Clayton Keller.
2:54 of 3rd period - Shot Blocked by Torey Krug.
3:15 of 3rd period - Joakim Ryan is hit by Kevan Miller and loses puck.
3:21 of 3rd period - Off-side.
3:22 of 3rd period - Marian Gaborik wins face-off versus Tyler Seguin in neutral zone.
3:22 of 3rd period - Marian Gaborik is hit by Tyler Seguin.
3:25 of 3rd period - Off-side.
3:26 of 3rd period - Tyler Seguin wins face-off versus Marian Gaborik in neutral zone.
3:33 of 3rd period - David Pastrnak is hit by Marian Gaborik.
3:55 of 3rd period - Snap shot by Clayton Keller.
3:55 of 3rd period - Deflect By Logan Couture.
3:55 of 3rd period - Stopped by Aaron Dell with a rebound.
4:13 of 3rd period - Tyler Ennis is hit by Ryan Spooner and loses puck.
4:26 of 3rd period - Ryan Spooner is hit by Christian Dvorak and loses puck.
4:50 of 3rd period - Slapshot by Ryan Donato.
4:50 of 3rd period - Stopped by Cam Talbot with a rebound.
4:52 of 3rd period - Snap shot by Antoine Roussel.
4:52 of 3rd period - Deflect By Ryan Spooner.
4:52 of 3rd period - Stopped by Cam Talbot with a rebound.
4:54 of 3rd period - Wrist shot by Ryan Donato.
4:54 of 3rd period - Stopped by Cam Talbot with a rebound.
4:56 of 3rd period - Snap shot by Will Butcher.
4:56 of 3rd period - Shot Blocked by Mike Reilly.
4:58 of 3rd period - Slapshot by Niklas Hjalmarsson.
4:58 of 3rd period - Shot Blocked by Tyler Ennis.
5:00 of 3rd period - Snap shot by Ryan Donato.
5:00 of 3rd period - Stopped by Cam Talbot with a rebound.
5:02 of 3rd period - Wrist shot by Antoine Roussel.
5:02 of 3rd period - Shot Blocked by Joakim Ryan.
5:57 of 3rd period - Wrist shot by Ryan Spooner.
5:57 of 3rd period - Shot Misses the Net.
5:59 of 3rd period - Slapshot by Niklas Hjalmarsson.
5:59 of 3rd period - Stopped by Cam Talbot with a rebound.
6:01 of 3rd period - Wrist shot by Antoine Roussel.
6:01 of 3rd period - Shot Misses the Net.
6:09 of 3rd period - Tyler Ennis is hit by Will Butcher and loses puck.
6:20 of 3rd period - Wrist shot by Christian Dvorak.
6:20 of 3rd period - Stopped by Aaron Dell without a rebound.
6:21 of 3rd period - Tyler Seguin wins face-off versus Marian Gaborik in Boston Bruins zone.
6:21 of 3rd period - Tyler Seguin is hit by Kevin Labanc.
6:29 of 3rd period - Slapshot by Brad Marchand.
6:29 of 3rd period - Shot Blocked by Karl Alzner.
7:17 of 3rd period - Snap shot by Jonathan Marchessault.
7:17 of 3rd period - Shot Misses the Net.
7:35 of 3rd period - Karl Alzner is hit by Kevan Miller and loses puck.
11:18 of 3rd period - Ryan Spooner is hit by Anthony Cirelli and loses puck.
12:16 of 3rd period - Icing by Logan Couture.
12:17 of 3rd period - Clayton Keller wins face-off versus Antoine Roussel in San Jose Sharks zone.
12:54 of 3rd period - Ryan Donato is hit by Travis Dermott.
13:30 of 3rd period - Tommy Wingels is hit by Ryan Donato and loses puck.
14:59 of 3rd period - Icing by Anthony Cirelli.
15:00 of 3rd period - Logan Couture wins face-off versus Tyler Seguin in San Jose Sharks zone.
15:27 of 3rd period - Snap shot by Kevin Labanc.
15:27 of 3rd period - Shot Blocked by Adam McQuaid.
15:29 of 3rd period - Wrist shot by Timo Meier.
15:29 of 3rd period - Deflect By Kevin Labanc.
15:29 of 3rd period - Stopped by Aaron Dell without a rebound.
15:30 of 3rd period - Christian Dvorak wins face-off versus Tyler Seguin in Boston Bruins zone.
15:42 of 3rd period - Minor Penalty to Brad Marchand for High sticking.
15:43 of 3rd period - Derek MacKenzie wins face-off versus Logan Couture in Boston Bruins zone.
15:55 of 3rd period - Backhand shot by Karl Alzner.
15:55 of 3rd period - Stopped by Aaron Dell without a rebound.
15:56 of 3rd period - Anthony Cirelli wins face-off versus Derek MacKenzie in Boston Bruins zone.
16:01 of 3rd period - Snap shot by Anthony Cirelli.
16:01 of 3rd period - Goal by Anthony Cirelli - San Jose Sharks : 2 - Boston Bruins : 2.
16:02 of 3rd period - Christian Dvorak wins face-off versus Derek MacKenzie in neutral zone.
16:18 of 3rd period - Christian Dvorak is hit by Tim Schaller and loses puck.
16:37 of 3rd period - Torey Krug is hit by Jimmy Hayes and loses puck.
17:12 of 3rd period - Slapshot by Torey Krug.
17:12 of 3rd period - Shot Misses the Net.
17:14 of 3rd period - Wrist shot by Tyler Seguin.
17:14 of 3rd period - Shot Blocked by Anthony Cirelli.
17:16 of 3rd period - Slapshot by Torey Krug.
17:16 of 3rd period - Shot Misses the Net.
17:18 of 3rd period - Wrist shot by Brad Marchand.
17:18 of 3rd period - Stopped by Cam Talbot without a rebound.
17:19 of 3rd period - Ryan O'Reilly wins face-off versus Christian Dvorak in San Jose Sharks zone.
17:27 of 3rd period - Minor Penalty to Jonathan Marchessault for Interference.
17:28 of 3rd period - Anthony Cirelli wins face-off versus Derek MacKenzie in Boston Bruins zone.
17:32 of 3rd period - Snap shot by Kevin Labanc.
17:32 of 3rd period - Stopped by Aaron Dell without a rebound.
17:33 of 3rd period - Derek MacKenzie wins face-off versus Anthony Cirelli in Boston Bruins zone.
19:27 of 3rd period - Penalty to Jonathan Marchessault is over, Jonathan Marchessault is back on ice.
19:35 of 3rd period - Snap shot by Andre Burakovsky.
19:35 of 3rd period - Shot Misses the Net.
19:37 of 3rd period - Slapshot by Travis Dermott.
19:37 of 3rd period - Deflect By David Pastrnak.
19:37 of 3rd period - Stopped by Aaron Dell without a rebound.
19:38 of 3rd period - Tommy Wingels wins face-off versus Antoine Roussel in Boston Bruins zone.
Goals for this period are 1 for San Jose Sharks vs 0 for Boston Bruins.
Shots for this period are 9 for San Jose Sharks vs 6 for Boston Bruins.

Overtime #1


0:01 of 1st overtime period - Logan Couture wins face-off versus Tyler Seguin in neutral zone.
0:26 of 1st overtime period - Joe Pavelski is hit by Marian Gaborik and loses puck.
0:37 of 1st overtime period - Snap shot by Jimmy Hayes.
0:37 of 1st overtime period - Shot Misses the Net.
1:16 of 1st overtime period - Icing by Brent Burns.
1:17 of 1st overtime period - Ryan O'Reilly wins face-off versus Christian Dvorak in San Jose Sharks zone.
1:20 of 1st overtime period - Wrist shot by Joe Pavelski.
1:20 of 1st overtime period - Shot Blocked by Brent Burns.
2:27 of 1st overtime period - Brandon Carlo is hit by Christian Dvorak and loses puck.
3:09 of 1st overtime period - Snap shot by Tyler Seguin.
3:09 of 1st overtime period - Shot Misses the Net.
3:35 of 1st overtime period - Snap shot by Andre Burakovsky.
3:35 of 1st overtime period - Shot Misses the Net.
Goals for this period are 0 for San Jose Sharks vs 0 for Boston Bruins.
Shots for this period are 0 for San Jose Sharks vs 0 for Boston Bruins.

ShootOut


5:00 of 1st overtime period - Round #1.
5:00 of 1st overtime period - San Jose Sharks, Logan Couture.
5:00 of 1st overtime period - Wrist shot by Logan Couture.
5:00 of 1st overtime period - Stopped by Aaron Dell.
5:00 of 1st overtime period - Boston Bruins, Brad Marchand.
5:00 of 1st overtime period - Wrist shot by Brad Marchand.
5:00 of 1st overtime period - Stopped by Cam Talbot.
5:00 of 1st overtime period - Round #2.
5:00 of 1st overtime period - San Jose Sharks, Clayton Keller.
5:00 of 1st overtime period - Wrist shot by Clayton Keller.
5:00 of 1st overtime period - Stopped by Aaron Dell.
5:00 of 1st overtime period - Boston Bruins, Tyler Seguin.
5:00 of 1st overtime period - Snap shot by Tyler Seguin.
5:00 of 1st overtime period - Shot Misses the Net.
5:00 of 1st overtime period - Round #3.
5:00 of 1st overtime period - San Jose Sharks, Timo Meier.
5:00 of 1st overtime period - Wrist shot by Timo Meier.
5:00 of 1st overtime period - Goal by Timo Meier.
5:00 of 1st overtime period - Boston Bruins, Ryan O'Reilly.
5:00 of 1st overtime period - Backhand shot by Ryan O'Reilly.
5:00 of 1st overtime period - Goal by Ryan O'Reilly.
5:00 of 1st overtime period - Round #4.
5:00 of 1st overtime period - San Jose Sharks, Kevin Labanc.
5:00 of 1st overtime period - Wrist shot by Kevin Labanc.
5:00 of 1st overtime period - Goal by Kevin Labanc.
5:00 of 1st overtime period - Boston Bruins, Joe Pavelski.
5:00 of 1st overtime period - Snap shot by Joe Pavelski.
5:00 of 1st overtime period - Goal by Joe Pavelski.
5:00 of 1st overtime period - Round #5.
5:00 of 1st overtime period - San Jose Sharks, Christian Dvorak.
5:00 of 1st overtime period - Backhand shot by Christian Dvorak.
5:00 of 1st overtime period - Goal by Christian Dvorak.
5:00 of 1st overtime period - Boston Bruins, David Pastrnak.
5:00 of 1st overtime period - Backhand shot by David Pastrnak.
5:00 of 1st overtime period - Goal by David Pastrnak.
5:00 of 1st overtime period - Round #6.
5:00 of 1st overtime period - San Jose Sharks, Marian Gaborik.
5:00 of 1st overtime period - Deke by Marian Gaborik.
5:00 of 1st overtime period - Stopped by Aaron Dell.
5:00 of 1st overtime period - Boston Bruins, Ryan Donato.
5:00 of 1st overtime period - Deke by Ryan Donato.
5:00 of 1st overtime period - Goal by Ryan Donato.